Unix NetHack Version 5.0.0-0 post-release - last build May 23 2026 06:08:33 (1c0ff79ee797540d5714e4e18072db0edd9e58ae,branch:main).

Game began 2026-05-24 07:49:03, ended 2026-05-24 07:57:06.

Atomicjoy, chaotic male elven Wizard

                                  -----+-
                                  |.....|
                                  |....@+
                                  |.....|
                                  -+-----

Atomicjoy the Evoker      St:9 Dx:12 Co:14 In:20 Wi:11 Ch:13  Chaotic
Dlvl:5  $:17 HP:0(12) Pw:7(7) AC:9  Xp:1/15 T:747 

Latest messages:
 You miss the jackal.
 The jackal bites!
 The kitten misses the jackal.
 You miss the jackal.
 The jackal bites!
 The kitten bites the jackal.
 The jackal is killed!
 You see here a jackal corpse.
 What do you want to read? [i-mruvD or ?*] e
 That is a silly thing to read.
 You see here a jackal corpse.
 There is a jackal corpse here; eat it? [ynq] (n) y
 Blecch!  Rotten food!
 You finish eating the jackal corpse.
 What do you want to throw? [$p or ?*] r
 In what direction? <enter>
 What do you want to read? [i-mruvD or ?*] D
 You continue your efforts to memorize the spell.
 You add the "charm monster" spell to your repertoire, as 'c'.
 This door is locked.
 In what direction? 4
 The door crashes open!
 The jackal bites!
 You miss the jackal.
 The jackal bites!
 You miss the jackal.
 The jackal bites!
 You hear someone cursing shoplifters.
 You swap places with your kitten.
 The kitten bites the jackal.
 The jackal bites the kitten.
 The kitten misses the jackal.
 The kitten misses the jackal.
 The jackal bites!
 You miss the jackal.
 The jackal bites!
 The kitten misses the jackal.
 The kitten misses the jackal.
 You kill the jackal!
 Your kitten eats a jackal corpse.
 You swap places with your kitten.
 You hear some noises.
 You stop.  Your kitten is in the way!
 You swap places with your kitten.
 Suddenly, the kitten falls through a trap door.
 Really step onto that trap door? [yn] (n) y
 A trap door opens up under you!
 You fall down a deep shaft!
 You die...
 Do you want your possessions identified? [ynq] (y) q

Inventory:
 Coins    ('$')
  $ - 17 gold pieces
 Weapons  (')')
  p - 8 +0 arrows
  a - a blessed +1 quarterstaff (weapon in hands)
 Armor    ('[')
  b - an uncursed +0 cloak of magic resistance (being worn)
 Comestibles  ('%')
  y - 2 uncursed cram rations
  q - a cursed rotten tin of kobold meat
  z - 2 uncursed lichen corpses
 Scrolls  ('?')
  i - a blessed scroll of charging
  v - a cursed scroll of charging
  j - an uncursed scroll of destroy armor
  u - an uncursed scroll of enchant weapon
  k - a blessed scroll of remove curse
  r - an uncursed scroll of teleportation
 Spellbooks  ('+')
  D - an uncursed spellbook of charm monster
  m - an uncursed spellbook of cure sickness
  l - a blessed spellbook of force bolt
 Potions  ('!')
  h - an uncursed potion of healing
  A - an uncursed potion of oil
  f - an uncursed potion of sickness
 Rings    ('=')
  d - an uncursed ring of free action
  e - an uncursed ring of polymorph control
  s - an uncursed ring of see invisible
 Wands    ('/')
  c - a wand of locking (0:6)
 Tools    ('(')
  o - an uncursed wooden harp
  C - an uncursed brass lantern
  x - a cursed can of grease (0:18)
  n - a magic marker (0:19)
 Gems/Stones  ('*')
  w - 2 cursed worthless pieces of blue glass
  t - an uncursed worthless piece of red glass

Atomicjoy the Wizard's attributes:

Background:
 You were an Evoker, a level 1 male elven Wizard.
 You were chaotic, on a mission for Anhur
 who was opposed by Ptah (lawful) and Thoth (neutral).
 You were right-handed.
 You were in the Dungeons of Doom, on level 5.
 You entered the dungeon 747 turns ago.
 You had 15 experience points, 5 more were needed to attain level 2.

Basics:
 You had 0 out of 12 hit points.
 You had all 7 energy points (spell power).
 Your armor class was 9.
 Your wallet contained 17 zorkmids.
 Autopickup was off.

Final Characteristics:
 Your strength was 9 (limit:18).
 Your dexterity was 12 (peak:13, limit:18).
 Your constitution was 14 (limit:16).
 Your intelligence was 20 (limit:20).
 Your wisdom was 11 (limit:20).
 Your charisma was 13 (limit:18).

Final Status:
 You weren't hungry.
 You were unencumbered.
 You were wielding a quarterstaff.
 You had basic skill with quarterstaff.

Final Attributes:
 You were fervently aligned.
 You were magic-protected.
 You had infravision.
 You were warded.
 You are dead.

Miscellaneous:
 You didn't encounter any bones levels.
 Total elapsed playing time was 8 minutes and 2 seconds.

Major events:
 Turn
    1: Atomicjoy the chaotic male elven Wizard entered the dungeon
  428: entered the Gnomish Mines
  747: killed by falling down a mine shaft

Spells:
 Name                 Level Category     Fail Retention
 force bolt             1   attack         0%  91%-100%
 cure sickness          3   healing       71%  76%-100%
 charm monster          5   enchantment   84%  91%-100%

Skills:
 Fighting Skills
   bare handed combat [Unskilled]
   riding             [Unskilled]
 Weapon Skills
   dagger             [Unskilled]
   knife              [Unskilled]
   axe                [Unskilled]
   short sword        [Unskilled]
   club               [Unskilled]
   mace               [Unskilled]
   quarterstaff       [Basic]
   polearms           [Unskilled]
   spear              [Unskilled]
   trident            [Unskilled]
   sling              [Unskilled]
   dart               [Unskilled]
   shuriken           [Unskilled]
 Spellcasting Skills
   attack spells      [Basic]
   healing spells     [Unskilled]
   divination spells  [Unskilled]
   enchantment spells [Basic]
   clerical spells    [Unskilled]
   escape spells      [Unskilled]
   matter spells      [Unskilled]

Voluntary challenges:
 Character rerolling was not enabled.
 You never genocided any monsters.
 You never polymorphed an object.
 You never changed form.
 You used no wishes.
Achievements:
 You entered a shop.
 You entered the Gnomish Mines.

 The Dungeons of Doom: levels 1 to 5
    Level 1:
       A sink.
    Level 2:
       A potion shop, a fountain, a sink.
       Stairs down to The Gnomish Mines.
    Level 5: <- You were here.
       Final resting place for
          you, killed by falling down a mine shaft.
 The Gnomish Mines:
    Level 3:


Vanquished creatures:
  6 jackals
  a fox
  3 grid bugs
  2 lichens
  2 newts
14 creatures vanquished.

No species were genocided or became extinct.

Game over:
                       ----------
                      /          \
                     /    REST    \
                    /      IN      \
                   /     PEACE      \
                  /                  \
                  |    Atomicjoy     |
                  |      17 Au       |
                  |    killed by     |
                  |  falling down a  |
                  |    mine shaft    |
                  |                  |
                  |       2026       |
                 *|     *  *  *      | *
        _________)/\\_//(\/(/\)/\//\/|_)_______

Goodbye Atomicjoy the Wizard...

You died in The Dungeons of Doom on dungeon level 5 with 276 points,
and 17 pieces of gold, after 747 moves.
You were level 1 with a maximum of 12 hit points when you died.

